 Dungeon Crawl Stone Soup version 0.27-a0-46-g34d46f0a3f (webtiles) character file.

Game seed: 7579731870661231451

25 Borgoz the Skirmisher (level 3, -4/31 HPs)
             Began as a Ghoul Monk on Jan 6, 2021.
             Slain by a worm (11 damage)
             ... on level 2 of the Dungeon.
             The game lasted 00:00:56 (1250 turns).

Borgoz the Skirmisher (Ghoul Monk)                  Turns: 1250, Time: 00:00:57

Health: -4/31      AC:  2    Str: 15      XL:     3   Next: 6%
Magic:  2/2        EV: 13    Int:  3 (5)  God:
Gold:   71         SH:  0    Dex: 11      Spells: 2/2 levels left

rFire    . . .     SeeInvis .   a - +0 falchion
rCold    + . .     Faith    .   (no shield)
rNeg     + + +     Spirit   .   b - +0 robe
rPois    ∞         Reflect  .   (no helmet)
rElec    .         Harm     .   (no cloak)
rCorr    .         Rampage  .   (no gloves)
Will     .....                  (no boots)
Stlth    ++........             (no amulet)
HPRegen  0.00/turn              e - ring of wizardry
MPRegen  0.08/turn              (no ring)

@: no status effects
A: claws 1, cold resistance 1, negative energy resistance 3, inhibited
regeneration, torment resistance, unbreathing
a: no special abilities


You were on level 2 of the Dungeon.
You visited 1 branch of the dungeon, and saw 2 of its levels.

You collected 71 gold pieces.

Inventory:

Hand Weapons
 a - a +0 falchion (weapon)
Armour
 b - a +0 robe (worn)
Jewellery
 e - a ring of wizardry (left claw)
Scrolls
 d - a scroll of remove curse
 f - a scroll of blinking


   Skills:
 + Level 3.6 Fighting
 * Level 3.2 Long Blades
 + Level 3.0 Dodging
 - Level 2.1 Stealth


You had 2 spell levels left.
You didn't know any spells.
Your spell library was empty.

Dungeon Overview and Level Annotations

Branches:
Dungeon (2/15)

Altars:


Innate Abilities, Weirdness & Mutations

You thrive by killing the living.
You are immune to poison.
You have sharp fingernails.
Your flesh is cold resistant. (rC+)
You are immune to negative energy. (rN+++)
You do not regenerate when monsters are visible.
You are immune to unholy pain and torment.
You can survive without breathing.


Message History

You are too injured to fight recklessly!
You are too injured to fight recklessly!
It was a potion of mutation.
You feel extremely strange.
Your body decomposes!
You feel dopey.
Your body decomposes!
You feel dopey. The giant cockroach barely misses you.
You hit the worm.
The worm is severely wounded.
The giant cockroach bites you but does no damage.
The worm barely misses you. The giant cockroach bites you.
* * * LOW HITPOINT WARNING * * *
You barely miss the worm.
The worm is severely wounded.
The giant cockroach barely misses you.
You riposte.
You hit the giant cockroach.
You kill the giant cockroach!
You feel better. The worm bites you!
You die...

#.....#.# .#B..
#.......# ....#
#.......#......
#....[..#...#
#.#.........#
###.#...#.#...#
#. #...#####.# .#
#.# #.......#.#
#.#####....##.#@#
##.#.........#
#w...(#
.....######..#
####### .....#
..# .....##.#
....
....)##.###.##..
##'#.##...... ..
#.#.##..##.######
#.#.##..##.##...#


You could see a worm.

Vanquished Creatures
  An ooze (D:2)
  A dart slug (D:1)
  A worm (D:2)
  2 giant cockroaches
  A goblin (D:1)
  A hobgoblin (D:1)
  4 jackals (D:1)
  A ball python (D:1)
  2 bats
  3 kobolds
  A rat (D:1)
18 creatures vanquished.

Notes
Turn   | Place    | Note
-------+----------+-------------------------------------------
     0 | D:1      | Borgoz the Ghoul Monk began the quest for the Orb.
     0 | D:1      | Reached XP level 1. HP: 19/19 MP: 0/0
   263 | D:1      | Reached XP level 2. HP: 20/26 MP: 1/1
  1186 | D:2      | Reached XP level 3. HP: 23/31 MP: 2/2
  1250 | D:2      | Slain by a worm

Illustrated notes

Levels and vault maps discovered:
D:1:      heliophobic_arrival_ceremonial_halls, layout_basic, minmay_bisected
D:2:      layout_basic

Skill      XL: |  1  2 |
---------------+-------+-----
Long Blades    | 3 |  3.2
Dodging        | 3 |  3.0
Fighting       | |  3.6
Stealth        | |  2.1

Action                   || total
-------------------------++-------
Melee: Falchion          ||    63
  Use: Scroll            ||     3
       Potion            ||     1
 Stab: Sleeping          ||     1
Armor: Robe              ||    13
Dodge: Dodged            ||    55
       Rpst.: Falchion   ||    17

Table legend: (Time is in decaauts)
 A = Elapsed time spent in this place.
 B = Non-inter-level travel time spent in this place.
 C = Inter-level travel time spent in this place.
 D = Time resting spent in this place.
 E = Time spent auto-exploring this place.
 F = Levels seen in this place.
 G = Mean time per level.
                   A        B        C        D        E       F      G
               +--------+--------+--------+--------+--------+-----+--------+
         Total |   1258 |   1241 |     17 |    130 |    954 |   2 |  629.0 |
       Dungeon |   1258 |   1241 |     17 |    130 |    954 |   2 |  629.0 |
               +--------+--------+--------+--------+--------+-----+--------+

Top non-repeatable levels by time:
     D:1: 1096 daAuts
     D:2: 161 daAuts
